 Dungeon Sprint DCSS version 0.29-a0-275-g389c0b56f3 (webtiles) character file.

Game seed: 4618006059479460609

18 Anunax the Scratcher (level 2, 0/12 HPs)
             Began as a Felid Transmuter on Mar 10, 2022.
             Slain by a human (6 damage)
             ... in the Dungeon (Sprint III: "The Ten Rune Challenge").
             The game lasted 00:01:28 (415 turns).

Anunax the Scratcher (Felid Transmuter)              Turns: 415, Time: 00:01:30

Health: 0/12       AC:  1    Str:  6    XL:     2   Next: 48%
Magic:  6/6        EV: 18    Int: 14    God:
Gold:   8          SH:  0    Dex: 18    Spells: 5/6 levels left
                                        Lives:  0   Deaths: 0

rFire   . . .      SeeInvis +     - Unarmed
rCold   . . .      Faith    .   (shield unavailable)
rNeg    . . .      Spirit   .   (body armour unavailable)
rPois   +          Reflect  .   (helmet unavailable)
rElec   .          Harm     .   (cloak unavailable)
rCorr   .          Rampage  .   (gloves unavailable)
Will    .....      NoTele   +   (boots unavailable)
Stlth   +.........              (no amulet)
HPRegen 0.04/turn               (no ring)
MPRegen 0.10/turn               (no ring)

@: very slow
A: very small, claws 1, fangs 3, see invisible, speed 1, shaggy fur 1, stealthy
paws, no weapons or thrown items, no armour, multi-lived, agile 1, deterioration
1, poison resistance
a: no special abilities


You were in the Dungeon.
You visited 1 branch You collected 8 gold pieces.

Inventory:

Scrolls
 g - a scroll of blinking
 i - 2 scrolls of immolation {unknown}
 j - 3 scrolls of identify
Potions
 a - a potion of lignification
 b - 3 potions of curing
 c - a potion of heal wounds
 d - a potion of haste
 e - 2 potions of magic
 f - a potion of berserk rage
 h - 2 potions of attraction {unknown}
 k - 2 potions of flight
 l - 3 potions of mutation


   Skills:
 + Level 1.0 Fighting
 + Level 3.5 Dodging
 + Level 4.9 Unarmed Combat
 + Level 2.7 Spellcasting
 + Level 2.9 Transmutations


You had 5 spell levels left.
You knew the following spells:

 Your Spells              Type           Power      Damage    Failure   Level
a - Beastly Appendage     Tmut           20%        N/A       7%          1

Your spell library contained the following spells:

 Spells                   Type           Power      Damage    Failure   Level
 Wereblood                Tmut           10%        N/A       10%         2
 Spider Form              Tmut/Pois      6%         N/A       34%         3
 Ice Form                 Ice/Tmut       6%         N/A       75%         4


Dungeon Overview and Level Annotations

Branches:
Dungeon (1/1)

Altars:


Innate Abilities, Weirdness & Mutations

You have sharp claws.
You have razor-sharp teeth.
You have supernaturally acute eyesight. (SInv)
You cover ground quickly. (Speed+)
You are covered in fur. (AC +1)
Your paws help you pounce on unaware monsters.
You are incapable of wielding weapons or throwing items.
You cannot wear armour.
You gain extra lives every three experience levels.
You are agile. (Dex +2)
Your body sometimes deteriorates upon taking damage.
Your system is resistant to poisons. (rPois)


Message History

Casting: Beastly Appendage (safe; 7% risk of failure)
Confirm with . or Enter, or press ? or * to list all spells.
You grow a pair of large bovine horns.
You enter the shallow water.
Moving in this stuff is going to be slow.
You scratch the human. You bite the human, but do no damage.
The human is lightly wounded.
The human closely misses you.
Your unstable footing causes you to fumble your attack.
Your transformation is almost over.
The human misses you.
You claw the human!
The human is moderately wounded.
Your unstable footing causes you to fumble your attack.
The human splashes around in the water.
You barely miss the human. You claw the human.
The human is moderately wounded.
The human splashes around in the water.
Your unstable footing causes you to fumble your attack.
The human misses you.
You scratch the human but do no damage.
The human is moderately wounded.
The human barely misses you.
You scratch the human.
The human is heavily wounded.
The human splashes around in the water.
Your unstable footing causes you to fumble your attack.
The human hits you.
Ouch! That really hurt!
You scratch the human. You bite the human.
The human is severely wounded.
The human barely misses you.
You closely miss the human.
You headbutt the human, but do no damage.
You bite the human.
The human is almost dead.
Your horns disappear.
The human hits you.
Ouch! That really hurt!
You die...

▓▓▓▓▓▓▓▓▓▓▓▓▓
▓<.#..'.....♣♣
▓..#..#......♣
▓#'####....♣.♣
▓.....#....≈♣♣♣♣..
▓.....#†..≈≈♣...♣.
▓.....#..≈@p≈.....
▓####'#..≈≈≈≈≈≈...
▓[....#.≈≈≈≈≈≈....
▓...†.#.≈≈≈≈≈.....
▓.....#.≈≈≈.......
▓'#####...........
▓.................
▓▓▓▓▓▓▓▓▓▓▓▓▓▓▓▓▓▓


You could see a human.

Vanquished Creatures
  A wolf (D)
  2 endoplasms (D)
  2 rats (D)
5 creatures vanquished.

Notes
Turn   | Place    | Note
-------+----------+-------------------------------------------
     0 | D        | Anunax the Felid Transmuter began the quest for the Orb.
     0 | D        | Reached XP level 1. HP: 9/9 MP: 4/4
   247 | D        | Reached skill level 4 in Unarmed Combat
   350 | D        | Noticed a wolf
   354 | D        | Killed a wolf
   355 | D        | Reached XP level 2. HP: 12/12 MP: 4/6
   395 | D        | Gained mutation: Your system is resistant to poisons.
                  | (rPois) [potion of mutation]
   395 | D        | Gained mutation: Your body sometimes deteriorates upon
                  | taking damage. [potion of mutation]
   395 | D        | Gained mutation: You are agile. (Dex +2) [potion of
                  | mutation]
   415 | D        | Slain by a human

Illustrated notes

Levels and vault maps discovered:
D:        dungeon_sprint_mu [sprint_mu_entry_forest, sprint_mu_temple_rooms,
          sprint_mu_d1_horrors, sprint_mu_d2_genie, sprint_mu_d3_branching,
          sprint_mu_orc_legion, sprint_mu_elf_gauntlet, sprint_mu_hive_nellie,
          sprint_mu_lair_fedhas, sprint_mu_vaults_butterflies,
          sprint_mu_slime_circle, sprint_mu_shoals_kraken,
          sprint_mu_snake_twists, sprint_mu_blade_basic,
          sprint_mu_crypt_fortress, sprint_mu_tomb_spiral,
          sprint_mu_vestibule_basic, sprint_mu_gehenna_hellfire,
          sprint_mu_dis_giant, sprint_mu_tartarus_statrot,
          sprint_mu_cocytus_islands, sprint_mu_zot1]

Skill      XL: |  1 |
---------------+----+-----
Unarmed Combat | 4 |  4.9
Dodging        | 3 |  3.5
Fighting       | |  1.0
Spellcasting   | |  2.7
Transmutations | |  2.9

Action                   || total
-------------------------++-------
Melee: Unarmed           ||    21
       Punch             ||     3
       Headbutt          ||     2
       Bite              ||     3
 Cast: Beastly Appendage ||     4
  Use: Potion            ||     1
Armor: Skin              ||     1
Dodge: Dodged            ||    10

Table legend: (Time is in decaauts)
 A = Elapsed time spent in this place.
 B = Non-inter-level travel time spent in this place.
 C = Inter-level travel time spent in this place.
 D = Time resting spent in this place.
 E = Time spent auto-exploring this place.
 F = Levels seen in this place.
 G = Mean time per level.
                   A        B        C        D        E       F      G
               +--------+--------+--------+--------+--------+-----+--------+
         Total |    404 |    404 |      0 |    313 |     31 |   1 |  404.0 |
       Dungeon |    404 |    404 |      0 |    313 |     31 |   1 |  404.0 |
               +--------+--------+--------+--------+--------+-----+--------+

Top non-repeatable levels by time:
       D: 404 daAuts
